 Dungeon Crawl Stone Soup version 0.17.1-2-g5865329 (webtiles) character file.

168 Jobasha the Shield-Bearer (level 5, -10/41 HPs)
             Began as a Human Fighter on Jan 25, 2016.
             Killed from afar by Ijyb (15 damage)
             ... with a wand of draining
             ... on level 3 of the Dungeon.
             The game lasted 00:10:36 (2763 turns).

Jobasha the Shield-Bearer (Human Fighter)           Turns: 2763, Time: 00:10:36

Health: -10/41     AC: 10    Str: 16    XL:     5   Next: 78%
Magic:  5/5        EV:  6    Int:  9    God:
Gold:   43         SH:  8    Dex: 13    Spells: 0 memorised, 4 levels left

rFire  . . .     SeeInvis .     p - -3 blowgun (curse)
rCold  . . .     Clarity  .     b - +0 scale mail
rNeg   . . .     SustAt   .     c - +0 shield
rPois  .         Gourm    .     (no helmet)
rElec  .         Spirit   .     l - +0 cloak
rCorr  .         Warding  .     (no gloves)
rMut   .         Stasis   .     (no boots)
MR     .....                    (no amulet)
Stlth  ..........               (no ring)
                                f - +3 ring of protection

@: heavily drained, not resistant to hostile enchantments, extremely unstealthy
A: no striking features
a: no special abilities


You were on level 3 of the Dungeon.
You were hungry.

You visited 1 branch of the dungeon, and saw 3 of its levels.

You collected 43 gold pieces.

Inventory:

Hand Weapons
 a - a +0 long sword
 m - a cursed -1 short sword
 p - a cursed -3 blowgun (weapon)
Missiles
 q - 19 poisoned needles (quivered)
Armour
 b - a +0 scale mail (worn)
 c - a +0 shield (worn)
 h - a +0 buckler
 l - a +0 cloak (worn)
Jewellery
 f - a +3 ring of protection (left hand)
Scrolls
 i - a scroll of identify
 j - a scroll of remove curse {unknown}
 o - a scroll of noise {unknown}
Potions
 d - a potion of might
 k - a potion of cancellation {unknown}
Comestibles
 e - 3 bread rations
 g - a fruit


   Skills:
 + Level 3.3(1.7) Fighting
 + Level 3.1(1.6) Long Blades
 + Level 3.7(2.1) Armour
 + Level 1.6(0.1) Dodging
 + Level 0.4(0.0) Stealth
 + Level 4.1(2.5) Shields


You had 4 spell levels left.
You didn't know any spells.

Dungeon Overview and Level Annotations

Branches:
Dungeon (3/15)

Altars:
Trog

Annotations:
D:3 Ijyb


Message History

Ijyb the Twisted Goblin comes into view.
Ijyb shouts!
Firing (i - inventory):
q - 21 poisoned needles (quivered)
Press: ? - help, Shift-Dir - straight line, f - Ijyb
Aim: Ijyb, wearing a runed chain mail You shoot a poisoned needle.
The poisoned needle hits Ijyb!
Ijyb is poisoned.
You are feeling hungry.
Firing (i - inventory):
q - 20 poisoned needles (quivered)
Press: ? - help, Shift-Dir - straight line, f/p - Ijyb
Aim: Ijyb, wearing a runed chain mail (lightly wounded, poisoned)
You shoot a poisoned needle.
The poisoned needle closely misses Ijyb.
Ijyb zaps a wand.
The bolt of negative energy hits you!
You feel drained.
Ouch! That really hurt!
It is a wand of draining.
Ijyb zaps a wand.
The bolt of negative energy hits you!
You feel drained.
* * * LOW HITPOINT WARNING * * *
Found an orange potion.
Ijyb zaps a wand.
The bolt of negative energy hits you!
You feel drained.
You die...

#######.###)...##. ....
#.....#........... ..!..
#.....#####....#.#
.....#.....#####..<#...
#...#.........#.(...## .
#...#####.#.#######.##
..#...#####'#....#..#.##
.............###.#....##
#...@.....# #.##.....
#.........# #........
#.........# #########
#.....g...#
........$....#
######+####(.... #.####
# #(# # #.# #


You could see Ijyb.

Vanquished Creatures
  An orc priest (D:2)
  An orc wizard (D:2)
  6 adders
  An ooze (D:3)
  A worm (D:2)
  3 giant geckos (D:1)
  An orc (D:2)
  2 ball pythons
  4 bats
  2 giant cockroaches (D:2)
  3 goblins
  5 hobgoblins
  5 jackals
  2 giant newts
  7 kobolds
  3 quokkas (D:2)
  5 rats
52 creatures vanquished.

Notes
Turn   | Place    | Note
--------------------------------------------------------------
     0 | D:1      | Jobasha the Human Fighter began the quest for the Orb.
     0 | D:1      | Reached XP level 1. HP: 18/18 MP: 1/1
   307 | D:1      | Reached XP level 2. HP: 18/24 MP: 2/2
   771 | D:1      | Reached XP level 3. HP: 26/29 MP: 3/3
  1374 | D:2      | Found a bloodstained altar of Trog.
  1438 | D:2      | Reached XP level 4. HP: 31/35 MP: 4/4
  1870 | D:2      | Reached skill level 1 in Dodging
  1967 | D:2      | Reached skill level 4 in Shields
  1967 | D:2      | Reached XP level 5. HP: 33/41 MP: 5/5
  2755 | D:3      | Noticed Ijyb
  2763 | D:3      | Killed from afar by Ijyb

Action                   |  1- 3 |  4- 6 || total
-------------------------+-------+-------++-------
Melee: Long sword        |   153 |    85 ||   238
 Fire: Blowgun           |       |     2 ||     2
  Use: Scroll            |     2 |     1 ||     3
  Eat: Chunk             |     2 |     3 ||     5
       Fruit             |       |     1 ||     1
